 Dungeon Crawl Stone Soup version 0.30.0-18-gc0e69614cb (webtiles) character file.

Game seed: 3312946349904913571

153011 jasper the Severer (level 16, -30/133 HPs)
             Began as a Demonspawn Cinder Acolyte on May 25, 2023.
             Was the Champion of Jiyva.
             Blown up by an orb spider (55 damage)
             ... with an orb of destruction
             ... on level 4 of the Spider Nest.
             The game lasted 01:07:35 (30251 turns).

jasper the Severer (Demonspawn Cinder Acolyte)     Turns: 30251, Time: 01:07:35

Health: -30/133    AC: 25    Str: 22 (23) XL:     16   Next: 74%
Magic:  10/17      EV:  3    Int: 11      God:    Jiyva [******]
Gold:   1060       SH:  0    Dex: 20      Spells: 17/17 levels left

rFire   . . .        O - +1 broad axe (flame)
rCold   + + +        L - +2 tower shield
rNeg    . . .        I - +0 storm dragon scales
rPois   +            o - +0 helmet
rElec   +            t - +0 cloak
rCorr   +            Z - +0 pair of gloves
SInv    .            v - +0 pair of boots
Will    +....        B - amulet "Yppugopn" {Faith -Cast rC+++ Str+3 Int-4}
Stlth   ++           j - ring of resist corrosion
HPRegen 2.82/turn    K - +4 ring of protection
MPRegen 0.65/turn

%: no spellcasting, faith
@: held
A: claws 2, slimy green scales 3, ignite blood 3, spiny 2, thin skeletal
structure 3, agile 1, poison resistance, regeneration 1, pseudopods 1
}: 1/15 runes: slimy
a: Renounce Religion, Oozemancy, Slimify


You were on level 4 of the Spider Nest.
You worshipped Jiyva.
Jiyva was exalted by your worship.
You visited 5 branches of the dungeon, and saw 31 of its levels.
You visited the Abyss 1 time.

You collected 2338 gold pieces.
You spent 1278 gold pieces at shops.

Inventory:

Hand Weapons
 F - a +0 spectral broad axe
 O - a +1 broad axe of flaming (weapon)
Missiles
 s - 9 boomerangs (quivered)
 y - 31 poisoned darts
 z - 7 datura-tipped darts
 A - a throwing net
 J - 4 curare-tipped darts
Armour
 o - a +0 helmet (worn)
 t - a +0 cloak (worn)
 v - a +0 pair of boots (worn)
 I - +0 storm dragon scales (worn)
 L - a +2 tower shield (worn)
 Z - a +0 pair of gloves (worn)
Jewellery
 b - a ring of fire
 j - a ring of resist corrosion (left hand)
 m - an amulet of reflection
 q - a ring of positive energy
 x - a ring of willpower
 B - the amulet "Yppugopn" (around neck) {Faith -Cast rC+++ Str+3 Int-4}
   (You bought it in a shop on level 2 of the Orcish Mines)

   [amulet of faith]

   It allows you to gain divine favour quickly.
   Str:       It affects your strength (+3).
   Int:       It affects your intelligence (-4).
   rC:        It renders you almost immune to cold.
   -Cast:     It prevents spellcasting.
 H - a ring of willpower
 K - a +4 ring of protection (right hand)
Wands
 f - a wand of polymorph (6)
 G - a wand of mindburst (18)
 M - a wand of digging (1)
 N - a wand of roots (9)
 R - a wand of flame (48)
Scrolls
 a - 6 scrolls of identify
 c - 8 scrolls of teleportation
 i - 6 scrolls of amnesia
 l - 3 scrolls of butterflies
 D - a scroll of magic mapping
 E - 2 scrolls of poison
 U - a scroll of vulnerability
 V - 3 scrolls of silence
 Y - a scroll of fear
Potions
 d - 9 potions of invisibility
 e - 4 potions of flight
 g - a potion of might
 h - 4 potions of brilliance
 k - 8 potions of curing
 n - 5 potions of mutation
 r - 3 potions of ambrosia
 w - 2 potions of cancellation
 C - 3 potions of attraction
 P - a potion of resistance
 T - 3 potions of haste
 W - a potion of heal wounds
 X - a potion of magic
Miscellaneous
 p - a phantom mirror
 u - a lightning rod (2/4)
 Q - a box of beasts
 S - a condenser vane (inert)


   Skills:
 + Level 14.2 Fighting
 - Level 18.0 Axes
 + Level 12.8 Armour
 + Level 12.8 Shields
 - Level 1.0 Spellcasting
 - Level 2.6 Fire Magic
 + Level 4.0 Evocations


You had 17 spell levels left.
You didn't know any spells.
Your spell library contained the following spells:

 Spells                   Type           Power      Damage    Failure   Level
 Scorch                   Fire           12%        2d6       95%         2
 Apportation              Tloc           0%         N/A       99%         1
 Necrotise                Necr           0%         1d4       99%         1
 Summon Small Mammal      Summ           0%         N/A       99%         1
 Blink                    Tloc           0%         N/A       100%        2
 Lesser Beckoning         Tloc           0%         N/A       100%        2
 Searing Ray              Conj           0%         2d4       100%        2
 Sublimation of Blood     Necr           0%         N/A       100%        2
 Wereblood                Tmut           0%         N/A       100%        2
 Call Canine Familiar     Summ           0%         N/A       100%        3
 Gell's Gravitas          Tloc           0%         N/A       100%        3
 Portal Projectile        Hex/Tloc       0%         N/A       100%        3
 Stone Arrow              Conj/Erth      0%         3d7       100%        3
 Teleport Other           Tloc           0%         N/A       100%        3
 Tukima's Dance           Hex            0%         N/A       100%        3
 Vampiric Draining        Necr           0%         2d6       100%        3
 Animate Armour           Summ/Erth      0%         N/A       100%        4
 Leda's Liquefaction      Hex/Erth       0%         N/A       100%        4
 Agony                    Necr           0%         N/A       100%        5
 Alistair's Intoxication  Tmut/Pois      0%         N/A       100%        5
 Blade Hands              Tmut           0%         N/A       100%        5
 Irradiate                Conj/Tmut      0%         3d11      100%        5
 Iron Shot                Conj/Erth      0%         9d1       100%        6
 Storm Form               Tmut/Air       0%         N/A       100%        7
 Lehudib's Crystal Spear  Conj/Erth      0%         10d2      100%        8


Dungeon Overview and Level Annotations

Branches:
Dungeon (15/15)            Temple (0/1) D:4            Lair (5/5) D:10
 Shoals (0/4) Lair:2       Spider (4/4) Lair:2        Slime (5/5) Lair:4
    Orc (2/2) D:12            Elf (0/3) Orc:2        Vaults (0/5) D:13
 Depths (0/4) D:15

Altars:
Ashenzari
Gozag
Makhleb
Okawaru
Ru
Vehumet
Wu Jian
Xom
Yredelemnul
Jiyva

Shops:
D:9 (   D:10 *   D:14 =   Orc:2 [=(*

Annotations:
D:10 exclusions: obsidian statue and orange crystal statue
Lair:4 2 transporters
Lair:5 exclusion: obsidian statue
Slime:5 Royal Jelly


Innate Abilities, Weirdness & Mutations

You have very sharp fingernails.
You are completely covered in slimy green scales. (AC +4, rPois)
Your demonic aura causes all spilled blood to erupt in flames.
You are mostly covered in sharp spines.
You have an unnaturally thin skeletal structure. (Dex +6, Stealth+++)
You are agile. (Dex +4, Str/Int -1)
Your system is resistant to poisons. (rPois)
Your natural rate of healing is unusually fast.
Armour fits poorly on your pseudopods.


Message History

The jumping spider pounces on you but does no damage.
The jumping spider bites you.
* * * LOW HITPOINT WARNING * * *
The entropy weaver is engulfed in blazing flames.
The entropy weaver is struck by your spines.
The entropy weaver hits you but does no damage. x3
The entropy weaver barely misses you.
You take 11 damage, and have 22/133 hp.
Aiming: Thunderbolt
Press: ? - help, Shift-Dir - straight line, f - jumping spider
Aim: a jumping spider (poison gas, heavily wounded, very poisoned)
The thunderbolt hits the jumping spider!!
You kill the jumping spider!
You hear a faint skittering sound. x2
The redback is engulfed in blazing flames. x2
The redback bites you but does no damage.
The entropy weaver is engulfed in blazing flames.
The entropy weaver hits you but does no damage.
The entropy weaver hits you.
* * * LOW HITPOINT WARNING * * *
The entropy weaver hits you but does no damage.
The entropy weaver hits you.
* * * LOW HITPOINT WARNING * * *
The orb spider weaves a glowing orb of energy.
Your Evocations skill increases to level 4!
An orb of destruction comes into view.
Aiming: Thunderbolt
Press: ? - help, Shift-Dir - straight line, f - orb spider
Aim: an orb spider (severely wounded)
The thunderbolt hits the redback!
You kill the redback!
The thunderbolt hits the entropy weaver.
The entropy weaver is almost dead.
The thunderbolt hits the orb spider.
The orb spider is severely wounded.
The entropy weaver is engulfed in blazing flames.
You kill the entropy weaver!
You hear a distant slurping noise.
The orb of destruction hits you!!!
You die...

##...........^..#^....^#
#................^...#
#.......§............#
##.^.#..^.....#^#....#
######.##.....#.#...##
####..§...†......
#...§§†#..#..^
####§§○☼§....^
#.@§#####.. #§§§# #
..§☼?.. §....§s.^..
#....§..#....§#
#......##.....# #.^....
☼..$.. #...... .#§.##


You could see an orb spider.

Vanquished Creatures
  Asterion (Spider:1)
  Kirke (D:14)
  Louise (D:15)
  4 emperor scorpions
  3 ghost moths
  An orc warlord (Orc:2)
  A broodmother (Spider:1)
  A juggernaut skeleton (D:15)
  Nessos (D:15)
  Azrael (Spider:1)
  The ghost of particleface the Severer, a journeyman HOGl of Trog (Lair:3)
  Josephine (D:13)
  3 entropy weavers
  14 hydras
  Erolcha (D:10)
  Erica (D:9)
  A death knight (D:15)
  7 centaur warriors
  3 ogre magi
  5 boulder beetles
  7 two-headed ogres
  2 radroaches (Spider:3)
  7 death yaks
  A spectral dire elephant (Lair:5)
  3 orc high priests
  Amaemon (Lair:3)
  2 skeletal warriors (D:15)
  Sonja (D:12)
  3 spectral death yaks (Lair:5)
  2 pharaoh ants (Spider:1)
  A sixfirhy (Abyss:2)
  A skyshark (Lair:5)
  A spectral anaconda (Lair:5)
  2 orb spiders (Spider:3)
  2 lindwurms (Lair:1)
  A wizard (D:10)
  3 deep elf pyromancers
  3 steelbarb worms
  A phantasmal warrior (D:15)
  6 orc knights
  8 wolf spiders
  3 necromancers (Lair:5)
  6 orc sorcerers
  9 ugly things (D:15)
  7 manticores
  2 moths of wrath
  7 black mambas
  A worldbinder (Abyss:2)
  8 elephants (Lair:5)
  A salamander (shapeshifter) (D:10)
  3 large abominations (Abyss:2)
  A torpor snail (Spider:2)
  7 demonic crawlers
  A gargoyle (D:11)
  9 cane toads
  An orange demon (Lair:3)
  A yaktaur (shapeshifter) (D:13)
  12 komodo dragons
  3 meliai (Spider:3)
  A tengu conjurer (D:10)
  22 tarantellas
  6 polar bears
  5 trolls
  2 spectral elephants (Lair:5)
  6 hornets
  An ettin zombie (D:15)
  15 blink frogs
  A spriggan zombie (D:15)
  19 jumping spiders
  2 small abominations (Abyss:2)
  A spriggan (Lair:3)
  2 spriggans (shapeshifter) (D:10)
  11 culicivoras
  2 centaur simulacra (D:10)
  An ettin skeleton (Abyss:2)
  A wyvern (D:9)
  6 wraiths
  41 yaks
  7 basilisks
  2 chaos spawn (Abyss:2)
  15 fire elementals
  A basilisk (shapeshifter) (D:10)
  5 hogs
  A neqoxec (Abyss:2)
  2 humans
  30 redbacks
  3 steam dragons
  2 spectral cane toads (Lair:5)
  5 vampire mosquitoes
  5 wargs
  A glowing shapeshifter zombie (D:15)
  3 acid dragons
  16 water moccasins
  3 hell hounds (Spider:1)
  A swamp drake (D:12)
  32 orc warriors
  A black bear (Lair:3)
  2 elephant zombies (Lair:5)
  2 ice beasts
  2 elephant skeletons (Lair:5)
  15 ogres
  20 wolves
  7 centaurs
  2 phantoms
  10 bullfrogs
  4 kobold brigands
  A gnoll sergeant (D:8)
  A cane toad simulacrum (Lair:5)
  A scorpion (shapeshifter) (D:10)
  15 wights
  An elephant simulacrum (Lair:5)
  2 jellies
  10 killer bees
  5 howler monkeys
  A crimson imp (Abyss:2)
  18 orc priests
  2 gnoll boudas
  A hound (D:6)
  8 starcursed masses (Abyss:2)
  A sleepcap (D:4)
  19 orc wizards
  3 iguanas
  11 gnolls
  7 adders
  2 shadow imps
  2 white imps
  An ufetubus (D:10)
  5 worms
  3 dart slugs
  58 orcs
  5 ball pythons
  8 endoplasms
  7 giant cockroaches
  8 goblins
  6 hobgoblins
  27 kobolds
  6 quokkas
  3 bats
  5 frilled lizards
  A rat (D:2)
  A lurking horror (Abyss:2)
791 creatures vanquished.

Vanquished Creatures (collateral kills)
  2 dire elephants (Lair:5)
  A radroach (Spider:3)
3 creatures vanquished.

Vanquished Creatures (others)
  Nikola (Spider:1)
  A ghost moth (Spider:4)
  A death yak (Lair:5)
  A deep elf pyromancer (D:15)
  A necromancer (D:15)
  A komodo dragon (Lair:5)
  A yak (Lair:4)
  A water moccasin (Lair:5)
  An orc warrior (Orc:2)
  A centaur (D:14)
  63 jellies
  2 howler monkeys (D:14)
  3 orc priests
  An orc wizard (Orc:2)
  A white imp (D:8)
  9 orcs
  2 kobolds (D:10)
91 creatures vanquished.

Grand Total: 885 creatures vanquished

Notes
Turn   | Place    | Note
-------+----------+-------------------------------------------
     0 | D:1      | jasper the Demonspawn Cinder Acolyte began the quest for
                  | the Orb.
     0 | D:1      | Reached XP level 1. HP: 18/18 MP: 2/2
   211 | D:1      | Reached skill level 3 in Axes
   248 | D:1      | Gained mutation: You are partially covered in slimy green
                  | scales. (AC +2) [demonic ancestry]
   248 | D:1      | Reached XP level 2. HP: 17/24 MP: 3/3
  1029 | D:2      | Gained mutation: You are partially covered in sharp spines.
                  | [demonic ancestry]
  1029 | D:2      | Reached XP level 3. HP: 16/29 MP: 4/4
  1402 | D:2      | Reached skill level 1 in Armour
  1926 | D:3      | Identified the +4 dagger "jasper's Foe" {freeze, *Rage
                  | +Blink Will- Stlth+}
  1954 | D:3      | Reached XP level 4. HP: 36/36 MP: 5/5
  1979 | D:3      | Reached skill level 4 in Axes
  1979 | D:3      | Reached skill level 1 in Shields
  2838 | D:4      | Gained mutation: Your demonic aura sometimes causes spilled
                  | blood to erupt in flames. [demonic ancestry]
  2838 | D:4      | Reached XP level 5. HP: 37/42 MP: 6/6
  2921 | D:4      | Found a staircase to the Ecumenical Temple.
  3163 | D:4      | Found a broken altar of Ashenzari.
  3165 | D:4      | Found a shimmering altar of Xom.
  3168 | D:4      | Found a basalt altar of Yredelemnul.
  3439 | D:5      | Entered Level 5 of the Dungeon
  3439 | D:5      | Noticed a phantom
  3439 | D:5      | Noticed a water moccasin
  3444 | D:5      | Killed a water moccasin
  3445 | D:5      | Gained mutation: You are mostly covered in slimy green
                  | scales. (AC +3) [demonic ancestry]
  3445 | D:5      | Reached XP level 6. HP: 42/48 MP: 7/7
  3455 | D:5      | Reached skill level 5 in Axes
  3545 | D:5      | Gained mutation: You are mostly covered in sharp spines.
                  | [demonic ancestry]
  3545 | D:5      | Reached XP level 7. HP: 21/55 MP: 8/8
  4056 | D:5      | Found an opulent altar of Gozag.
  4462 | D:6      | Reached skill level 5 in Fighting
  4462 | D:6      | Reached skill level 6 in Axes
  4696 | D:6      | Reached XP level 8. HP: 62/62 MP: 9/9
  5282 | D:7      | Reached skill level 7 in Axes
  5573 | D:7      | Gained mutation: You are completely covered in slimy green
                  | scales. (AC +4, rPois) [demonic ancestry]
  5573 | D:7      | Reached XP level 9. HP: 54/69 MP: 10/10
  6261 | D:8      | Reached skill level 8 in Axes
  6267 | D:8      | Reached skill level 5 in Armour
  6344 | D:8      | Found a radiant altar of Vehumet.
  6714 | D:8      | Reached skill level 5 in Shields
  7234 | D:9      | Noticed Erica
  7243 | D:9      | Killed Erica
  7244 | D:9      | Reached skill level 9 in Axes
  7244 | D:9      | Gained mutation: Your demonic aura often causes spilled
                  | blood to erupt in flames. [demonic ancestry]
  7244 | D:9      | Reached XP level 10. HP: 52/79 MP: 11/11
  7642 | D:9      | Found Puvvul's Weapon Shoppe.
  7754 | D:9      | Found an ornate altar of the Wu Jian Council.
  8144 | D:10     | Entered Level 10 of the Dungeon
  8144 | D:10     | Found an iron altar of Okawaru.
  8155 | D:10     | Found Guis Wao's Mayhem Merchandise.
  8159 | D:10     | Noticed an orange crystal statue
  8160 | D:10     | Bought a +0 broad axe for 52 gold pieces
  8198 | D:10     | Found a sacrificial altar of Ru.
  8464 | D:10     | Noticed a death yak
  8484 | D:10     | Killed a death yak
  8490 | D:10     | Reached skill level 10 in Axes
  8608 | D:10     | Noticed a centaur warrior
  8616 | D:10     | Killed a centaur warrior
  8618 | D:10     | Noticed a boulder beetle
  8630 | D:10     | Noticed an ogre mage
  8639 | D:10     | Killed an ogre mage
  8639 | D:10     | Noticed an orc knight
  8640 | D:10     | Reached XP level 11. HP: 56/87 MP: 12/12
  8644 | D:10     | Killed an orc knight
  8656 | D:10     | Killed a boulder beetle
  8716 | D:10     | Noticed a wizard
  8895 | D:11     | Got Everyday Willworking
  8961 | D:11     | Reached skill level 11 in Axes
  9202 | D:11     | You fall into a shaft and drop 1 floor!
  9301 | D:12     | Noticed an eight-headed hydra
  9309 | D:12     | Killed a four-headed hydra
  9754 | D:12     | Noticed Sonja
  9769 | D:12     | Killed Sonja
 10060 | D:12     | Noticed a centaur warrior
 10090 | D:12     | Found a staircase to the Orcish Mines.
 10100 | D:12     | Killed a centaur warrior
 10832 | D:11     | Found a burning altar of Makhleb.
 11676 | D:10     | Reached XP level 12. HP: 55/96 MP: 13/13
 11724 | Abyss:2  | Cast into level 2 of the Abyss (a wizard)
 11726 | Abyss:2  | Noticed a blizzard demon
 11874 | Abyss:2  | Noticed a lich
 12025 | Abyss:2  | Noticed a starcursed mass
 12029 | Abyss:2  | Reached skill level 12 in Axes
 12030 | Abyss:2  | Paralysed by accursed screaming for 1 turns
 12038 | Abyss:2  | Paralysed by accursed screaming for 2 turns
 12308 | D:10     | Escaped the Abyss
 12460 | D:10     | Found a staircase to the Lair.
 12497 | D:10     | Noticed Erolcha
 12504 | D:10     | Killed Erolcha
 12514 | D:10     | Reached skill level 10 in Fighting
 12521 | D:10     | Gained mutation: Armour fits poorly on your strangely
                  | shaped body. [a neqoxec]
 12550 | D:10     | HP: 2/97 [white imp (5)]
 12601 | Lair:1   | Entered Level 1 of the Lair of Beasts
 13148 | Lair:1   | You fall into a shaft and drop 1 floor!
 13216 | Lair:2   | Found a staircase to the Shoals.
 13288 | Lair:2   | Found a hole to the Spider Nest.
 13384 | Lair:1   | Reached skill level 13 in Axes
 14063 | Lair:2   | Gained mutation: You have sharp fingernails. [demonic
                  | ancestry]
 14063 | Lair:2   | Reached XP level 13. HP: 81/104 MP: 14/14
 14720 | Lair:3   | Noticed Amaemon
 14733 | Lair:3   | Killed Amaemon
 15399 | Lair:3   | Found a runed translucent door.
 15430 | Lair:3   | Noticed particleface's ghost (journeyman HOGl)
 15437 | Lair:3   | Identified the +2 spear of Eruvumic {freeze, rF++ rN++}
 15594 | Lair:3   | Killed particleface's ghost
 15957 | Lair:4   | Reached skill level 14 in Axes
 16245 | Lair:4   | Reached skill level 10 in Armour
 16573 | Lair:4   | Found a transporter.
 16585 | Lair:4   | Reached skill level 10 in Shields
 16616 | Lair:4   | Found a transporter.
 16735 | Lair:4   | Found a viscous altar of Jiyva.
 16736 | Lair:4   | Found a staircase to the Slime Pits.
 16980 | Lair:4   | Fell from the grace of Ignis
 16980 | Lair:4   | Became a worshipper of Jiyva Juuj the Shapeless
 17224 | Orc:1    | Entered Level 1 of the Orcish Mines
 17883 | Orc:2    | Entered Level 2 of the Orcish Mines
 17883 | Orc:2    | Found Zigev's General Store.
 18126 | Orc:2    | Gained mutation: Your demonic aura causes all spilled blood
                  | to erupt in flames. [demonic ancestry]
 18126 | Orc:2    | Reached XP level 14. HP: 80/114 MP: 15/15
 18336 | Orc:2    | Bought a potion of heal wounds for 60 gold pieces
 18434 | Orc:2    | Reached * piety under Jiyva
 18452 | Orc:2    | Found Afatocenog's Jewellery Shop.
 18460 | Orc:2    | Noticed an orc warlord
 18461 | Orc:2    | Paralysed by an orc sorcerer for 5 turns
 18469 | Orc:2    | Found Uzeuxoc's Antique Armour Emporium.
 18766 | Orc:2    | Found a staircase to the Elven Halls.
 18808 | Orc:2    | Found Ewkan's Antique Weapon Shop.
 19071 | Orc:2    | Killed an orc warlord
 19272 | Orc:2    | Reached skill level 15 in Axes
 19300 | Orc:1    | Reached ** piety under Jiyva
 19775 | Lair:5   | Entered Level 5 of the Lair of Beasts
 19788 | Lair:5   | Was forgiven by Ignis
 20133 | Lair:5   | Reached *** piety under Jiyva
 20547 | Lair:5   | Identified the staff of conjuration "Gustoel" {rC+ Will+
                  | Int-3}
 20988 | Lair:5   | Gained mutation: You have very sharp fingernails. [demonic
                  | ancestry]
 20988 | Lair:5   | Reached XP level 15. HP: 101/116 MP: 16/16
 21564 | D:10     | Gained mutation: Your translucent skin slightly reduces
                  | your foes' accuracy. (Stealth+) [Jiyva's grace]
 21564 | D:10     | Gained mutation: Your translucent skin reduces your foes'
                  | accuracy. (Stealth+) [Jiyva's grace]
 21564 | D:10     | Gained mutation: Your transparent skin significantly
                  | reduces your foes' accuracy. (Stealth+) [Jiyva's grace]
 21564 | D:10     | Gained mutation: You have a pair of small horns on your
                  | head. [Jiyva's grace]
 23488 | D:10     | Reached skill level 16 in Axes
 24043 | D:13     | Reached **** piety under Jiyva
 24151 | D:13     | Noticed Josephine
 24160 | D:13     | Killed Josephine
 24341 | D:13     | Found a gate to the Vaults.
 24886 | D:14     | Reached ***** piety under Jiyva
 25165 | D:14     | Found Kushuse's Jewellery Emporium.
 25199 | D:14     | Lost mutation: You have a pair of small horns on your head.
                  | [Jiyva's grace]
 25199 | D:14     | Lost mutation: Armour fits poorly on your strangely shaped
                  | body. [Jiyva's grace]
 25199 | D:14     | Gained mutation: Your muscles are strong. (Str +4, Int/Dex
                  | -1) [Jiyva's grace]
 25199 | D:14     | Gained mutation: Your muscles are very strong. (Str +8,
                  | Int/Dex -2) [Jiyva's grace]
 25199 | D:14     | Gained mutation: Armour fits poorly on your pseudopods.
                  | [Jiyva's grace]
 25199 | D:14     | Gained mutation: Armour fits poorly on your large
                  | pseudopods. [Jiyva's grace]
 25201 | D:14     | Noticed Kirke
 25212 | D:14     | Killed Kirke
 25229 | D:14     | Identified a scroll of acquirement
 25229 | D:14     | Acquired 876 gold pieces
 25375 | Orc:2    | Bought the amulet "Yppugopn" {Faith -Cast rC+++ Str+3
                  | Int-4} for 1166 gold pieces
 25707 | D:15     | Entered Level 15 of the Dungeon
 25764 | D:15     | Found a staircase to the Depths.
 26031 | D:15     | Found a broken altar of Ashenzari.
 26324 | D:15     | Noticed Nessos
 26325 | D:15     | Noticed Louise
 26341 | D:15     | Killed Louise
 26344 | D:15     | Killed Nessos
 26626 | D:15     | Lost mutation: Your muscles are very strong. (Str +8,
                  | Int/Dex -2) [Jiyva's grace]
 26626 | D:15     | Lost mutation: Your transparent skin significantly reduces
                  | your foes' accuracy. (Stealth+) [Jiyva's grace]
 26626 | D:15     | Lost mutation: Your translucent skin reduces your foes'
                  | accuracy. (Stealth+) [Jiyva's grace]
 26626 | D:15     | Gained mutation: You have a small jelly attached to you
                  | that may absorb projectiles. [Jiyva's grace]
 26626 | D:15     | Gained mutation: Your system is resistant to poisons.
                  | (rPois) [Jiyva's grace]
 26626 | D:15     | Gained mutation: You are agile. (Dex +4, Str/Int -1)
                  | [Jiyva's grace]
 26626 | D:15     | Gained mutation: You are very agile. (Dex +8, Str/Int -2)
                  | [Jiyva's grace]
 26647 | D:15     | Reached skill level 17 in Axes
 26735 | D:15     | Reached ****** piety under Jiyva
 26989 | Slime:1  | Entered Level 1 of the Pits of Slime
 27025 | Slime:3  | Noticed an azure jelly
 27025 | Slime:3  | Noticed a rockslime
 27027 | Slime:3  | Noticed a rockslime
 27027 | Slime:3  | Noticed an azure jelly
 27037 | Slime:4  | Noticed a rockslime
 27040 | Slime:5  | Entered Level 5 of the Pits of Slime
 27046 | Slime:5  | Noticed an azure jelly
 27107 | Slime:5  | Noticed an azure jelly
 27108 | Slime:5  | Noticed an acid blob
 27115 | Slime:5  | Noticed a rockslime
 27117 | Slime:5  | Noticed an acid blob
 27119 | Slime:5  | Found a viscous altar of Jiyva.
 27119 | Slime:5  | Noticed the Royal Jelly
 27120 | Slime:5  | Noticed an acid blob
 27120 | Slime:5  | Noticed an azure jelly
 27121 | Slime:5  | Noticed an acid blob
 27121 | Slime:5  | Noticed an acid blob
 27121 | Slime:5  | Noticed an acid blob
 27121 | Slime:5  | Noticed an acid blob
 27122 | Slime:5  | Noticed a rockslime
 27122 | Slime:5  | Noticed an acid blob
 27124 | Slime:5  | Noticed an azure jelly
 27137 | Slime:5  | Got a slimy rune of Zot
 27157 | Slime:5  | Got Sif Muna's Verses on Shapes
 27181 | Slime:5  | Noticed an azure jelly
 27209 | Slime:3  | Noticed a rockslime
 27212 | Slime:3  | Noticed a rockslime
 27214 | Slime:3  | Noticed an azure jelly
 27299 | Spider:1 | Entered Level 1 of the Spider Nest
 27414 | Spider:1 | Noticed Azrael
 27426 | Spider:1 | Killed Azrael
 27511 | Spider:1 | Noticed an emperor scorpion
 27519 | Spider:1 | Killed an emperor scorpion
 27534 | Spider:1 | Noticed Asterion
 27546 | Spider:1 | Killed Asterion
 27547 | Spider:1 | Reached XP level 16. HP: 29/131 MP: 17/17
 27894 | Spider:1 | Noticed Nikola
 27910 | Spider:1 | Killed Nikola
 28691 | Spider:2 | Reached skill level 18 in Axes
 28935 | Spider:2 | Reached skill level 1 in Evocations
 29080 | Spider:2 | You fall into a shaft and drop 1 floor!
 29404 | Spider:2 | Lost mutation: You are very agile. (Dex +8, Str/Int -2)
                  | [Jiyva's grace]
 29404 | Spider:2 | Lost mutation: Your muscles are strong. (Str +4, Int/Dex
                  | -1) [Jiyva's grace]
 29404 | Spider:2 | Lost mutation: Armour fits poorly on your large pseudopods.
                  | [Jiyva's grace]
 29404 | Spider:2 | Lost mutation: Your translucent skin slightly reduces your
                  | foes' accuracy. (Stealth+) [Jiyva's grace]
 29404 | Spider:2 | Lost mutation: You have a small jelly attached to you that
                  | may absorb projectiles. [Jiyva's grace]
 29404 | Spider:2 | Gained mutation: You have a somewhat thin skeletal
                  | structure. (Dex +2, Stealth+) [Jiyva's grace]
 29404 | Spider:2 | Gained mutation: You have a moderately thin skeletal
                  | structure. (Dex +4, Stealth++) [Jiyva's grace]
 29404 | Spider:2 | Gained mutation: You have an unnaturally thin skeletal
                  | structure. (Dex +6, Stealth+++) [Jiyva's grace]
 29404 | Spider:2 | Gained mutation: Your natural rate of healing is unusually
                  | fast. [Jiyva's grace]
 30070 | Spider:4 | Entered Level 4 of the Spider Nest
 30251 | Spider:4 | Blown up by an orb spider

Illustrated notes

Levels and vault maps discovered:
D:1:      dpeg_arrival_water_altar, layout_loops_corners
D:2:      layout_loops_cross
D:3:      minmay_door_path, layout_loops_ring, kennysheep_decorative_pillar
D:4:      layout_cave_pools, grunt_temple_overflow_open, xom_teletrap_fun,
          minmay_temple_entry_arrows, minmay_pentomino_pile
D:5:      layout_rooms, kennysheep_mini_moat
D:6:      layout_gridville
D:7:      layout_basic, grunt_decor_cap, corexii_hall_statues_i
D:8:      layout_gridville, mainiacjoe_overflow_paths
D:9:      layout_loops_cross, nzn_wu_jian_contemplation, serial_shops, shop,
          uniq_erica
D:10:     minmay_separated_statues, layout_rooms, nicolae_ru_awakened_eye,
          kennysheep_okawaru_gauntlet, lair_entry_dummy, serial_ice,
          serial_ice_l, serial_ice_c, serial_ice_g, serial_ice_e, serial_ice_m,
          serial_ice_f, minmay_shop_mayhem, minivault_28, uniq_erolcha
D:11:     layout_stronghold, grunt_livestock, bloody_makhleb
D:12:     layout_roguey, erik_orc_1, special_room [special_room_orc], uniq_sonja
D:13:     layout_gridville, david_vaults_2, uniq_josephine
D:14:     layout_roguey, serial_shops, shop, uniq_kirke
D:15:     gammafunk_depths_entry_grave, layout_gridville,
          cheibrodos_ashenzari_chains, tso_altar, uniq_louise, uniq_nessos
Lair:1:   layout_regular_city, st_stairs_9, nicolae_lair_lindhole,
          grunt_megastairs_1
Lair:2:   layout_misc_corridors, shoals_dummy_entry, spider_nest_entry_webs,
          minmay_holes
Lair:3:   layout_chaotic_city, ebering_ghost_funeral_grove,
          serial_bayou_shore_b, serial_bayou_shore_a, lemuel_fruit_fields,
          serial_bayou_shore_b, lemuel_fruit_tree, uniq_amaemon
Lair:4:   gammafunk_worm_tunnel, layout_regular_city, dpeg_slime_entry_enclosed
Lair:5:   due_jungle_book, layout_small_grid
Spider:1: layout_spider_delve, nicolae_spider_nooks_and_crannies, uniq_azrael,
          uniq_nikola, uniq_asterion
Spider:2: layout_spider_delve, hive_lemuel
Spider:3: layout_spider_delve, drop_trap
Spider:4: hellmonk_spider_rune_bug_friends, nicolae_spider_moth_buddies
Slime:1:  layout_caves, cheibrodos_slime_lost_civilization_4
Slime:2:  layout_caves
Slime:3:  layout_caves
Slime:4:  layout_caves, nicolae_slime_phagocytosis
Slime:5
Orc:1:    layout_caves, abandoned_shop
Orc:2:    grunt_orc_gardens, layout_diamond_mine, grunt_orc_garden,
          grunt_orc_garden, grunt_orc_garden, grunt_orc_garden, basic_altar

Skill      XL: |  1  2  3  4  5  6  7  8  9 10 11 12 13 14 15 16 |
---------------+-------------------------------------------------+-----
Axes           | 3 4 5 6 7 9 10 11 13 14 15 17 18 | 18.0
Armour         | 1 2 3 4 5 6 8 9 10 11 12 | 12.8
Shields        | 1 2 3 4 5 6 7 9 10 11 12 | 12.8
Fighting       | 4 5 6 7 8 9 10 11 12 13 14 | 14.2
Evocations     | 4 |  4.0
Spellcasting   | |  1.0
Fire Magic     | |  2.6

Action                     |  1- 3 |  4- 6 |  7- 9 | 10-12 | 13-15 | 16-18 || total
---------------------------+-------+-------+-------+-------+-------+-------++-------
  Melee: Hand axe          |   132 |    92 |   150 |     4 |       |       ||   378
         Punch             |     1 |       |       |       |       |       ||     1
         War axe           |       |       |    70 |    44 |       |       ||   114
         Broad axe         |       |       |       |   445 |   967 |   367 ||  1779
         Pseudopods        |       |       |       |       |    55 |   109 ||   164
         Headbutt          |       |       |       |       |    26 |       ||    26
  Throw: Boomerang         |     2 |    14 |    14 |    30 |     5 |     1 ||    66
         Dart              |       |       |       |     4 |     2 |       ||     6
 Invoke: Fiery Armour      |     1 |     1 |     6 |     5 |       |       ||    13
         Rising Flame      |       |       |       |     1 |       |       ||     1
  Evoke: Wand              |       |       |       |     7 |    17 |     2 ||    26
         Condenser vane    |       |       |       |     1 |     2 |     1 ||     4
         Phantom mirror    |       |       |       |       |     2 |       ||     2
         Box of beasts     |       |       |       |       |     2 |       ||     2
         Lightning rod     |       |       |       |       |       |     2 ||     2
    Use: Scroll            |     3 |     7 |     5 |    16 |    12 |     2 ||    45
         Potion            |       |       |       |     4 |     7 |     3 ||    14
   Stab: Distracted        |       |       |       |       |     1 |     1 ||     2
 Armour: Ring mail         |    29 |       |       |       |       |       ||    29
         Robe              |     3 |       |       |       |       |       ||     3
         Chain mail        |    12 |    55 |    79 |       |       |       ||   146
         Storm dragon scal |       |       |    39 |   292 |   513 |   300 ||  1144
  Dodge: Dodged            |    50 |    16 |    47 |   102 |   237 |   124 ||   576
  Block: Other             |    17 |       |       |       |       |       ||    17
         Buckler           |     9 |    41 |   114 |       |       |       ||   164
         Reflection        |     1 |     3 |     3 |    22 |    16 |       ||    45
         Kite shield       |       |       |    46 |   458 |   728 |       ||  1232
         Tower shield      |       |       |       |       |    90 |   519 ||   609
